 Dungeon Crawl Stone Soup version 0.17.0-18-gaab0e96 (webtiles) character file.

21514 Yevrel the Protected (level 12, 104/111 HPs)
             Began as a Minotaur Berserker on Nov 10, 2015.
             Was the Champion of Trog.
             Starved to death
             ... on level 5 of the Lair of Beasts on Nov 11, 2015.
             The game lasted 01:23:35 (14920 turns).

Yevrel the Protected (Minotaur Berserker)          Turns: 14920, Time: 01:23:36

Health: 104/111    AC: 28    Str: 26    XL:     12   Next: 54%
Magic:  20/20      EV: 10    Int:  4    God:    Trog [******]
Gold:   1025       SH:  6    Dex: 11    Spells: 0 memorised, 11 levels left

rFire  . . .     SeeInvis .     s - +3 mace (protect)
rCold  . . .     Clarity  +     d - +1 plate armour
rNeg   + . .     SustAt   .     I - +0 buckler
rPois  .         Gourm    .     (helmet restricted)
rElec  .         Spirit   .     k - +0 cloak
rCorr  .         Warding  .     H - +0 pair of gloves
rMut   .         Stasis   .     q - +1 pair of boots
MR     .....                    y - amulet of clarity
Stlth  ..........               l - ring of positive energy
                                R - ring of magical power

@: fainting, not resistant to hostile enchantments, extremely unstealthy
A: retaliatory headbutt, horns 2
a: Berserk, Trog's Hand, Brothers in Arms, Burn Spellbooks, Renounce Religion


You were on level 5 of the Lair of Beasts.
You worshipped Trog.
Trog was exalted by your worship.
You were fainting.

You visited 2 branches of the dungeon, and saw 15 of its levels.

You collected 1025 gold pieces.

Inventory:

Hand Weapons
 a - a +2 mace
 b - a +2 hunting sling of evasion
 c - a +0 vampiric falchion
 h - a +2 shortbow of velocity
 m - a +2 antimagic dagger
 s - a +3 mace of protection (weapon)
 A - a +0 blowgun
 N - a +1 mace of draining
 U - a +1 morningstar
 Z - a +3 mace of freezing
Missiles
 j - 161 arrows
 v - 77 sling bullets
Armour
 d - a +1 plate armour (worn)
 k - a +0 cloak (worn)
 q - a +1 pair of boots (worn)
 H - a +0 pair of gloves (worn)
 I - a +0 buckler (worn)
Jewellery
 e - an uncursed ring of magical power
 l - a ring of positive energy (right hand)
 u - an uncursed ring of protection from fire
 y - an amulet of clarity (around neck)
 K - an uncursed ring of protection from cold
 M - an uncursed amulet of warding
 R - a ring of magical power (left hand)
Wands
 D - a wand of random effects (26)
 P - a wand of flame (31)
 S - a wand of teleportation (6)
 T - a wand of enslavement (9)
 X - a wand of teleportation (1)
Scrolls
 f - a scroll of noise
 g - 2 scrolls of identify
 n - 5 scrolls of teleportation
 r - 6 scrolls of amnesia
 t - 7 scrolls of remove curse
 x - 6 scrolls of magic mapping
 L - 2 scrolls of immolation
 V - a scroll of summoning {unknown}
Potions
 i - 2 potions of brilliance {unknown}
 o - 3 potions of degeneration
 z - a potion of cure mutation
 B - a potion of berserk rage {unknown}
 C - 3 potions of magic
 E - 2 potions of flight {unknown}
 F - a potion of curing
 G - a potion of poison
 O - 2 potions of haste
 Q - 4 potions of agility
 W - a potion of lignification {unknown}
Books
 w - a book of the Dragon

   Spells                             Type                      Level
   a - Flame Tongue                   Conjuration/Fire             1
   b - Cause Fear                     Hexes                        4
   c - Bolt of Fire                   Conjuration/Fire             6
   d - Dragon Form                    Transmutation                7
   e - Dragon's Call                  Summoning                    9
   Trog disapproves of the use of such an item.
Comestibles
 p - 13 fruits
 J - a royal jelly
 Y - 2 bread rations


   Skills:
 + Level 11.7 Fighting
 + Level 13.0 Maces & Flails
 + Level 14.0 Armour
 + Level 6.5 Dodging
 + Level 1.5 Stealth
 + Level 9.6 Shields


You had 11 spell levels left.
You didn't know any spells.

Dungeon Overview and Level Annotations

Branches:
Dungeon (10/15)            Temple (0/1) D:5            Lair (5/8) D:10
  Swamp: Lair:3-6    Shoals: Lair:3-6     Snake: Lair:3-6    Spider: Lair:3-6
    Orc: D:9-12

Altars:
Cheibriados
Dithmenos
Elyvilon
Gozag
Okawaru
Ru
Sif Muna
Xom

Shops:
D:7 (


Innate Abilities, Weirdness & Mutations

You reflexively headbutt those who attack you in melee.
You have a pair of horns on your head.


Message History

The river rat bites you but does no damage.
You hit the river rat.
The river rat is heavily wounded.
You lose consciousness!
The river rat bites you but does no damage.
The river rat bites you but does no damage. x6
You can move again.
You hit the river rat but do no damage. You headbutt the river rat.
The river rat is heavily wounded.
You block the river rat's attack.
You sock the river rat!
You kill the river rat!
Trog accepts your kill.
You see here a river rat corpse.
A river rat comes into view. 2 river rats and a crocodile come into view. 2 river rats come into view.
The river rat moves out of view.
You have starved to death.
You die...

#...PP..# #...PP..###..#
...# #............###
r..## . .....#...##....
t...#.#
.....#..##....###.r...#
.....#.......###r....P#.
.†...#........##.r......
........................
............†...@.......
.....#.........##P......
....##........## .......
....##.......## .......
...###.......# #......
..............# ......
....##...P...## .......
...#.....P....# P......
....#...#.P..## .......


You could see a crocodile and 4 river rats.

Vanquished Creatures
  An ice dragon (Lair:4)
  Erica (D:8)
  Erolcha (D:8)
  A griffon (Lair:4)
  11 elephants
  Joseph (D:9)
  A centaur skeleton (D:9)
  6 spiny frogs
  4 komodo dragons
  2 trolls
  Prince Ribbit (D:6)
  3 blink frogs (Lair:2)
  6 hippogriffs
  A hungry ghost (D:7)
  15 yaks
  Grum (D:9)
  4 wolves (D:9)
  3 ice beasts
  4 sky beasts
  2 phantoms
  7 water moccasins
  4 ogres
  3 orc warriors
  7 porcupines
  3 black bears
  3 centaurs
  2 crocodiles
  A big kobold (D:9)
  10 giant frogs
  4 scorpions
  8 wights
  2 quasits
  The ghost of Chiseanne the Ducker, a weakling DEAK of Lugonu (D:3)
  2 crimson imps
  5 orc priests
  A giant frog zombie (D:10)
  5 hounds
  A jelly (D:10)
  4 giant frog skeletons
  Jessica (D:3)
  8 iguanas
  13 orc wizards
  7 worker ants
  2 sheep (D:10)
  2 hound zombies
  A hound skeleton (D:4)
  3 worker ant zombies
  9 adders
  72 river rats
  A shadow imp (D:6)
  2 adder skeletons
  2 adder zombies
  2 worms (D:2)
  10 giant geckos
  40 orcs
  2 ball pythons
  6 bats
  4 giant cockroaches
  9 goblins
  9 hobgoblins
  6 jackals
  10 kobolds
  10 quokkas
  3 giant newts
  A jackal skeleton (D:4)
  A quokka skeleton (D:4)
  10 rats
  9 fungi
  7 plants
404 creatures vanquished.

Vanquished Creatures (others)
  Psyche (D:8)
  A plant (Lair:3)
2 creatures vanquished.

Grand Total: 406 creatures vanquished

Notes
Turn   | Place    | Note
--------------------------------------------------------------
     0 | D:1      | Yevrel the Minotaur Berserker began the quest for the Orb.
     0 | D:1      | Reached XP level 1. HP: 19/19 MP: 0/0
    62 | D:1      | Reached skill level 4 in Fighting
    71 | D:1      | Reached XP level 2. HP: 5/27 MP: 1/1
  1131 | D:1      | Reached XP level 3. HP: 31/33 MP: 2/2
  1326 | D:2      | Reached ** piety under Trog
  1759 | D:2      | Reached XP level 4. HP: 41/41 MP: 3/3
  2071 | D:3      | Found a sacrificial altar of Ru.
  2099 | D:3      | Found a shimmering altar of Xom.
  2101 | D:3      | Found a snail-covered altar of Cheibriados.
  2219 | D:3      | Noticed Chiseanne's ghost (weakling DEAK)
  2229 | D:3      | Killed Chiseanne's ghost
  2447 | D:3      | Reached XP level 5. HP: 37/47 MP: 4/4
  2561 | D:3      | Reached *** piety under Trog
  2637 | D:3      | Noticed Jessica
  2647 | D:3      | Killed Jessica
  2660 | D:3      | Found a deep blue altar of Sif Muna.
  2876 | D:3      | Found a faded altar to an unknown god.
  3228 | D:4      | Reached skill level 5 in Fighting
  3228 | D:4      | Reached skill level 1 in Stealth
  3510 | D:4      | Found a shadowy altar of Dithmenos.
  3586 | D:4      | Reached XP level 6. HP: 44/56 MP: 5/5
  3696 | D:5      | Entered Level 5 of the Dungeon
  3776 | D:5      | Noticed a water moccasin
  3794 | D:5      | Killed a water moccasin
  3794 | D:5      | Reached skill level 5 in Maces & Flails
  3794 | D:5      | Reached skill level 5 in Armour
  3814 | D:5      | Reached skill level 1 in Shields
  3814 | D:5      | Reached XP level 7. HP: 57/61 MP: 6/6
  3872 | D:5      | Found a staircase to the Ecumenical Temple.
  3915 | D:5      | Found a white marble altar of Elyvilon.
  3984 | D:5      | Found an iron altar of Okawaru.
  4717 | D:5      | Reached skill level 6 in Armour
  5276 | D:6      | Reached skill level 7 in Armour
  5281 | D:6      | Reached XP level 8. HP: 70/70 MP: 7/7
  5307 | D:6      | Noticed Prince Ribbit
  5337 | D:6      | Killed Prince Ribbit
  5337 | D:6      | Reached skill level 8 in Armour
  6329 | D:6      | Reached skill level 9 in Armour
  6641 | D:7      | Found Lawogh's Antique Weapon Shop.
  6727 | D:7      | Got a shimmering spear
  6732 | D:7      | Reached XP level 9. HP: 77/79 MP: 8/8
  6850 | D:7      | Reached **** piety under Trog
  7532 | D:7      | Reached skill level 10 in Armour
  7650 | D:7      | Reached skill level 5 in Dodging
  7934 | D:8      | Noticed Erolcha
  7939 | D:8      | Noticed Erica
  7942 | D:8      | Killed Erolcha
  7947 | D:8      | Killed Erica
  7947 | D:8      | Reached skill level 11 in Armour
  7947 | D:8      | Reached XP level 10. HP: 73/90 MP: 9/9
  8057 | D:8      | Noticed Psyche
  8081 | D:8      | Killed Psyche
  8284 | D:8      | Reached skill level 5 in Shields
  8593 | D:9      | Reached skill level 10 in Maces & Flails
  8822 | D:9      | Noticed Grum
  8902 | D:9      | Reached skill level 12 in Armour
  8909 | D:9      | Killed Grum
  8912 | D:9      | Reached ***** piety under Trog
  9175 | D:9      | Noticed Joseph
  9195 | D:9      | Killed Joseph
  9338 | D:10     | Entered Level 10 of the Dungeon
  9338 | D:10     | Found an opulent altar of Gozag.
  9362 | D:10     | Found a staircase to the Lair.
  9362 | D:10     | Noticed an elephant
  9381 | D:10     | Killed an elephant
  9381 | D:10     | Reached XP level 11. HP: 97/97 MP: 10/10
  9424 | Lair:1   | Entered Level 1 of the Lair of Beasts
 10629 | Lair:1   | Received a gift from Trog
 11375 | Lair:2   | Reached skill level 10 in Fighting
 11802 | Lair:2   | Upgraded the game from 0.17.0-15-g6d90897 to 0.17.0-18-gaab0e96
 12208 | Lair:2   | Reached skill level 13 in Armour
 12360 | Lair:3   | Reached ****** piety under Trog
 12515 | Lair:3   | Received a gift from Trog
 12916 | Lair:3   | Reached XP level 12. HP: 43/108 MP: 11/11
 13411 | Lair:4   | HP: 5/110 [poisoned by a spiny frog]
 13417 | Lair:4   | HP: 3/110 [poisoned by a spiny frog]
 13423 | Lair:4   | HP: 3/110 [poisoned by a spiny frog]
 13431 | Lair:4   | HP: 3/110 [poisoned by a spiny frog]
 13892 | Lair:4   | Noticed an ice dragon
 13913 | Lair:4   | Killed an ice dragon
 14113 | Lair:4   | Found a white marble altar of Elyvilon.
 14825 | Lair:5   | Reached skill level 14 in Armour
 14920 | Lair:5   | Starved to death

Action                   |  1- 3 |  4- 6 |  7- 9 | 10-12 || total
-------------------------+-------+-------+-------+-------++-------
Melee: Mace              |    78 |   100 |   259 |   988 ||  1425
       Morningstar       |       |       |     2 |       ||     2
Invok: Berserk           |     1 |     6 |     7 |    16 ||    30
       Trog's Hand       |       |       |     2 |     1 ||     3
       Burn Spellbooks   |       |       |     1 |       ||     1
  Use: Scroll            |     4 |     5 |    13 |     4 ||    26
       Potion            |       |       |     2 |     4 ||     6
  Eat: Chunk             |     3 |     3 |     4 |    18 ||    28
       Meat ration       |       |     2 |       |     2 ||     4
       Fruit             |       |     1 |     3 |       ||     4
       Bread ration      |       |       |     4 |     2 ||     6
       Pizza             |       |       |     2 |       ||     2
       Beef jerky        |       |       |       |     1 ||     1
